 Dungeon Crawl Stone Soup version 0.21.1-1-g345015f (webtiles) character file.

40 inc the Magician (level 3, -6/21 HPs)
             Began as an Octopode Earth Elementalist on Apr 21, 2018.
             Mangled by a hobgoblin
             ... wielding a cursed -1 club
             ... led by Robin
              (8 damage)
             ... on level 1 of the Dungeon.
             The game lasted 00:01:46 (1980 turns).

inc the Magician (Octopode Earth Elementalist)      Turns: 1980, Time: 00:01:47

Health: -6/21      AC:  1    Str:  7    XL:     3   Next: 50%
Magic:  5/8        EV: 13    Int: 18    God:
Gold:   73         SH:  0    Dex: 12    Spells: 8/9 levels left

rFire    . . .     SeeInvis .   (no weapon)
rCold    . . .     Gourm    .   (no shield)
rNeg     . . .     Faith    .   (helmet restricted)
rPois    .         Spirit   .   (no amulet)
rElec    .         Reflect  .   (no ring)
rCorr    .         Harm     .   (no ring)
MR       .....                  (no ring)
Stlth    +++.......             (no ring)
HPRegen  0.07/turn              (no ring)
MPRegen  0.11/turn              (no ring)
                                (no ring)
                                (no ring)

@: no status effects
A: almost no armour, stealthy swim, amphibious, 8 rings, constrict 8, camouflage
1, gelatinous body 1
a: no special abilities


You were on level 1 of the Dungeon.
You were not hungry.

You visited 1 branch of the dungeon, and saw 2 of its levels.

You collected 73 gold pieces.

Inventory:

Missiles
 b - 82 stones (quivered)
Scrolls
 e - a scroll of enchant armour {unknown}
 f - a scroll of teleportation {unknown}
 g - a scroll of magic mapping {unknown}
 h - a scroll of amnesia {unknown}
Potions
 a - a potion of invisibility {unknown}
Books
 d - a book of Geomancy

   Spells                             Type                      Level
   a - Sandblast                      Earth                        1
   b - Passwall                       Transmutation/Earth          2
   c - Stone Arrow                    Conjuration/Earth            3
   d - Petrify                        Transmutation/Earth          4
   e - Lee's Rapid Deconstruction     Earth                        5
Comestibles
 c - 7 rations


   Skills:
 - Level 2.0 Dodging
 - Level 2.6 Stealth
 + Level 3.5 Spellcasting
   Level 1.0 Transmutations
 - Level 3.0 Earth Magic


You had 8 spell levels left.
You knew the following spells:

 Your Spells              Type           Power        Failure   Level  Hunger
a - Sandblast             Erth           ##....       4%          1    None


Dungeon Overview and Level Annotations

Branches:
Dungeon (2/15)

Altars:
Ru

Annotations:
D:2 Robin


Innate Abilities, Weirdness & Mutations

You cannot wear most types of armour.
You are very stealthy in the water. (Stealth+)
You are amphibious.
You can wear up to eight rings at the same time.
You can use your tentacles to constrict eight enemies at once.
Your skin changes colour to match your surroundings (Stealth+).
Your rubbery body absorbs attacks. (AC +1, EV +1)


Message History

* * * LOW HITPOINT WARNING * * *
The goblin hits you with a club.
* * * LOW HITPOINT WARNING * * *
An orc comes into view. It is wielding a flail.
The goblin barely misses you.
There is a stone staircase leading up here.
The hobgoblin hits you but does no damage.
You climb upwards.
There is a stone staircase leading down here.
Unknown command.
Casting: Sandblast
Confirm with . or Enter, or press ? or * to list all spells.
Aiming: Sandblast
Press: ? - help, Shift-Dir - straight line, f - hobgoblin
Aim: a hobgoblin, wielding a club (unusually strong)
The blast of sand hits the hobgoblin.
The hobgoblin is heavily wounded.
b - 82 stones The hobgoblin hits you with a club!
You die...

#.#####.........)...'...
#.# #.....###.#+###...
#.# #.....# #.....#...
#.# #.#+### #...[.#...
#.# #.#.#####.....+...
#.#####.#...........####
#.#.....##..........#
#.#.....g...........####
#......@................
######...#.......#'#####
#...#.......#.#
#...#.......#.#
#...#.......#.#
#...#.......#.#####
####....#####......
#.....# #......
#.....####......


You could see a hobgoblin.

Vanquished Creatures
  An adder (D:2)
  An ooze (D:1)
  A dart slug (D:2)
  3 leopard geckos (D:1)
  2 hobgoblins
  2 bats (D:1)
  3 frilled lizards
  6 goblins
  3 kobolds
  2 rats
24 creatures vanquished.

Notes
Turn   | Place    | Note
-------+----------+-------------------------------------------
     0 | D:1      | inc the Octopode Earth Elementalist began the quest for the Orb.
     0 | D:1      | Reached XP level 1. HP: 11/11 MP: 3/3
   119 | D:1      | Reached XP level 2. HP: 8/17 MP: 5/5
  1550 | D:2      | Found a sacrificial altar of Ru.
  1580 | D:2      | Reached XP level 3. HP: 9/21 MP: 7/7
  1961 | D:2      | Noticed Robin
  1972 | D:2      | HP: 1/21 [goblin/club[Robin] (3)]
  1980 | D:1      | Mangled by a hobgoblin

Skill      XL: |  1  2 |
---------------+-------+-----
Spellcasting   | 3 |  3.5
Dodging        | |  2.0
Stealth        | |  2.6
Transmutations | |  1.0
Earth Magic    | |  3.0

Action                   || total
-------------------------++-------
Melee: Unarmed           ||    55
       Tentacles         ||    11
       Constrict         ||    18
 Cast: Sandblast         ||     5
 Stab: Sleeping          ||     7
  Eat: Chunk             ||     3
Armor: Skin              ||     4
Dodge: Dodged            ||    35
